Map: Orbital Shipyard

Players

CoinToss

  • Race: Protoss Protoss
  • League: Master

Miszu - Winner!

  • Race: Terran Terran
  • League: Master

VOD

Have the link to the VOD?

Description

Time

  • Played on: March 15, 2016, 6:48 p.m.
  • Length: 12:49
Show
View Real Time Build Order
Export as new Build Order

CoinToss Protoss 

Build Orders: 1 Gate Expand 

Get SALT Encoding   

  12  0:05  Probe (Chrono Boost)  
  13  0:18  Probe (Chrono Boost)  
  13  0:20  Pylon  
  14  0:29  Probe (Chrono Boost)  
  15  0:39  Probe (Chrono Boost)  
  15  0:42  Gateway  
  16  0:50  Probe (Chrono Boost)  
  17  1:00  Probe (Chrono Boost)  
  17  1:03  Assimilator  
  19  1:11  Probe (Chrono Boost)  
  19  1:22  Nexus  
  19  1:31  Cybernetics Core  
  19  1:34  Probe (Chrono Boost)  
  20  1:45  Probe (Chrono Boost)  
  21  1:48  Assimilator  
  21  1:55  Probe (Chrono Boost)  
  21  1:56  Pylon  
  22  2:06  Probe (Chrono Boost)  
  23  2:10  Warp Gate  
  23  2:14  Adept (Chrono Boost)  
  25  2:16  Probe (Chrono Boost)  
  26  2:28  Probe  
  27  2:36  Robotics Facility  
  27  2:39  Adept (Chrono Boost)  
  27  2:40  Probe  
  27  2:42  Probe  
  31  2:50  Mothership Core  
  31  2:54  Probe  
  34  3:07  Adept (Chrono Boost)  
  34  3:09  Probe x2  
  38  3:18  Warp Prism (Chrono Boost)  
  38  3:21  Probe x2  
  38  3:26  Gateway  
  42  3:30  Pylon  
  42  3:33  Probe  
  43  3:43  Pylon  
  43  3:47  Probe x2  
  45  3:49  Adept (Chrono Boost)  
  45  3:55  Twilight Council  
  47  3:58  Pylon  
  47  4:02  Gateway, Probe x2  
  49  4:06  Observer  
  50  4:19  Probe x2  
  50  4:21  Assimilator  
  50  4:22  Sentry  
  54  4:26  Adept, Observer, Assimilator  
  54  4:30  Forge, Blink (Chrono Boost)  
  57  4:31  Probe x2  
  59  4:43  Probe x2  
  59  4:44  Adept  
  63  4:52  Adept  
  65  4:55  Probe x2  
  67  5:08  Protoss Ground Weapons Level 1 (Chrono Boost)  
  67  5:09  Adept  
  67  5:12  Pylon  
  69  5:22  Probe x2  
  70  5:31  Nexus  
  70  5:39  Stalker x3  
  70  5:40  Pylon  
  70  5:42  Probe x2  
  78  5:43  Pylon  
  78  5:57  Gateway x2  
  78  5:58  Pylon, Probe x2  
  78  6:00  Gateway  
  80  6:06  Sentry  
  80  6:07  Stalker  
  80  6:08  Stalker  
  86  6:12  Observer  
  86  6:21  Probe x2  
  88  6:33  Observer, Probe x2  
  91  6:40  Stalker x3  
  91  6:45  Probe x2  
  91  6:46  Probe  
  91  6:53  Templar Archives  
  92  6:55  Protoss Ground Weapons Level 2 (Chrono Boost)  
  92  6:57  Probe x2  
  92  6:59  Gateway  
  92  7:00  Resonating Glaives  
  92  7:01  Gateway  
  94  7:05  Gateway  
  94  7:09  Stalker  
  94  7:10  Stalker x2  
  100  7:15  Stalker x2  
  100  7:17  Probe  
  100  7:19  Probe x2  
  107  7:23  Assimilator  
  107  7:27  Observer  
  107  7:29  Assimilator  
  108  7:31  Stalker  
  108  7:35  Pylon  
  110  7:38  Pylon  
  110  7:41  Pylon, Photon Cannon  
  110  7:42  Psionic Storm  
  110  7:43  Photon Cannon  
  110  7:44  Photon Cannon  
  110  7:47  Probe  
  110  7:48  Observer, Probe x2  
  114  7:59  Adept  
  114  8:01  Adept x3  
  111  8:31  Stalker x6  
  103  8:42  Probe  
  103  8:43  Probe x2  
  103  8:47  Pylon  
  106  8:50  Pylon x2  
  106  8:55  Probe  
  107  8:57  Pylon  
  107  8:59  Protoss Ground Armor Level 1  
  107  9:00  Pylon  
  107  9:07  High Templar x2  
  107  9:08  High Templar x2  
  115  9:20  Adept x2  
  115  9:21  Adept x2  
  122  9:37  Gateway  
  122  9:40  Gateway  
  122  9:45  Stalker x4  
  124  9:46  Stalker x2  
  124  9:47  Stalker  
  124  9:50  Nexus  
  124  9:52  Pylon  
  136  9:59  Stargate  
  136  10:06  Stargate  
  136  10:12  Pylon  
  136  10:18  Adept  
  136  10:19  Adept x7  
  152  10:33  Assimilator  
  152  10:34  High Templar  
  152  10:38  Assimilator  
  152  10:40  High Templar  
  154  10:48  Stalker x3  
  154  10:49  Stalker x2  
  156  11:10  Fleet Beacon  
  156  11:12  Stalker x2  
  156  11:13  Stalker  
  154  11:28  Stalker x2  
  154  11:29  Stalker x3  
  164  11:38  Pylon x2  
  141  11:58  Stalker x5  
  150  12:04  Probe x2  
Show
View Real Time Build Order
Export as new Build Order

Miszu Terran - Winner!

Build Orders: MMM Bio 

Get SALT Encoding   

  12  0:02  SCV  
  13  0:14  SCV  
  14  0:22  Supply Depot  
  14  0:26  SCV  
  15  0:44  SCV  
  15  0:45  Barracks  
  16  0:56  SCV  
  17  1:08  SCV  
  18  1:32  Orbital Command  
  18  1:33  Marine  
  18  1:39  Command Center  
  19  1:42  Supply Depot  
  19  1:57  SCV  
  19  1:59  Barracks  
  19  2:01  Barracks  
  20  2:05  Marine  
  21  2:09  SCV  
  21  2:13  Refinery  
  22  2:21  SCV  
  23  2:25  Refinery  
  23  2:33  SCV  
  24  2:38  Marine  
  25  2:45  SCV  
  25  2:46  Marine  
  25  2:48  Marine  
  28  2:52  Orbital Command  
  28  2:56  Marine  
  28  2:58  SCV  
  30  3:04  Barracks Tech Lab  
  30  3:06  Marine  
  30  3:10  Supply Depot, SCV  
  32  3:14  Marine  
  33  3:20  SCV  
  33  3:22  Marine, SCV  
  33  3:23  Marine  
  33  3:26  Stimpack  
  37  3:30  Supply Depot  
  37  3:32  Supply Depot, Marine, SCV  
  39  3:36  SCV  
  39  3:40  Marine  
  41  3:41  Marine  
  41  3:44  SCV  
  41  3:48  Factory, SCV  
  43  3:51  Marine  
  43  3:52  Refinery  
  45  3:56  SCV  
  45  3:57  Supply Depot  
  45  4:00  SCV  
  45  4:01  Marine  
  48  4:03  Marine  
  48  4:09  SCV  
  50  4:11  Supply Depot  
  50  4:12  SCV  
  50  4:16  Engineering Bay  
  51  4:21  Marine, SCV  
  51  4:22  Marine  
  54  4:25  Marine, SCV  
  56  4:33  Starport, SCV  
  56  4:36  Factory Reactor  
  56  4:37  SCV  
  58  4:43  Terran Infantry Weapons Level 1  
  58  4:45  SCV  
  59  4:47  Marine  
  59  4:48  Marine  
  59  4:49  SCV  
  59  4:50  Marine  
  63  4:57  SCV  
  64  5:05  SCV  
  66  5:08  Liberator  
  66  5:09  Liberator, SCV  
  66  5:12  Barracks Reactor  
  66  5:13  Barracks Tech Lab  
  65  5:25  Command Center  
  65  5:27  SCV  
  72  5:30  SCV  
  72  5:34  Refinery, Marauder  
  75  5:41  Combat Shields  
  75  5:42  SCV  
  78  5:49  Supply Depot  
  76  5:53  Barracks, SCV  
  76  5:54  Barracks  
  77  6:00  Supply Depot, SCV  
  78  6:10  Medivac x2  
  78  6:11  SCV  
  83  6:17  Marauder  
  85  6:30  SCV x2  
  85  6:40  Medivac  
  85  6:41  Orbital Command  
  85  6:42  SCV x2  
  85  6:45  Barracks Reactor, Barracks Tech Lab  
  85  6:46  Medivac  
  91  6:48  Terran Infantry Armor Level 1  
  91  6:50  Supply Depot  
  91  6:52  Supply Depot, Concussive Shells  
  91  6:54  SCV  
  91  6:55  SCV  
  93  7:01  Orbital Command  
  93  7:03  Marauder  
  93  7:04  Marine, Marauder  
  93  7:06  SCV  
  93  7:07  SCV  
  93  7:08  Marauder  
  102  7:16  Fusion Core  
  102  7:19  SCV x2  
  102  7:22  Starport  
  104  7:28  SCV  
  105  7:31  SCV x2  
  107  7:40  SCV  
  107  7:42  Refinery  
  107  7:43  Marine x2, Refinery, SCV x2  
  107  7:44  Marine  
  113  7:46  Factory Tech Lab  
  113  7:52  SCV  
  113  7:55  SCV x2  
  113  7:57  Supply Depot  
  116  7:58  Supply Depot  
  116  7:59  Marauder  
  116  8:00  Supply Depot  
  116  8:01  Marine, Marauder  
  116  8:02  Liberator x2  
  116  8:04  SCV  
  122  8:06  Liberator  
  122  8:07  SCV x2  
  122  8:10  Marine  
  125  8:16  Marine  
  125  8:18  Marine  
  125  8:19  SCV x2  
  133  8:20  Marauder  
  133  8:21  Marauder  
  133  8:22  Marauder  
  122  8:39  Marine  
  122  8:40  Advanced Ballistics  
  125  8:42  Marauder x2  
  125  8:44  Marauder  
  125  8:45  Liberator x2  
  125  8:47  Barracks  
  125  8:48  Barracks x2  
  128  8:49  Liberator  
  128  8:53  Marine x3  
  122  8:59  Marine  
  128  9:03  Marauder x2  
  128  9:05  Marauder  
  128  9:06  Engineering Bay  
  128  9:07  Armory  
  137  9:14  Marine  
  138  9:23  Supply Depot, Marine  
  138  9:24  Supply Depot, Marine x2, Marauder  
  140  9:25  Supply Depot, Marauder  
  140  9:27  Marauder, Liberator x2  
  140  9:29  Supply Depot x2  
  147  9:31  Marine, Liberator  
  148  9:38  Barracks Tech Lab  
  148  9:39  Barracks Reactor, Barracks Tech Lab  
  148  9:41  Marine  
  155  9:46  Marine x2, Marauder  
  155  9:47  Supply Depot  
  155  9:48  Supply Depot x2, Marauder  
  163  9:59  Terran Infantry Weapons Level 2  
  163  10:01  Terran Infantry Armor Level 2  
  163  10:10  Liberator  
  163  10:12  Liberator  
  163  10:15  Marine  
  163  10:16  Marauder x4  
  163  10:17  Supply Depot  
  172  10:27  Command Center  
  175  10:30  Marauder  
  175  10:32  Marine x5  
  175  10:33  Marine  
  186  10:37  Marine x2, Marauder x2  
  186  10:42  Liberator  
  190  11:00  Marine, Marauder  
  190  11:01  Marine x2, Marauder  
  200  11:09  Ghost Academy  
  197  12:05  Marine x2  
  199  12:19  Medivac  
  199  12:28  Marine  
  199  12:29  Marine x8  
Tags
 
Add a new tag
Caveats
  • Supply blocks, unpowered buildings, or Contaminate may cause inaccurate times.
  • Supply counts are checked every 10 seconds.